 Dungeon Crawl Stone Soup version 0.17.1-1-g73c8601 (webtiles) character file.

40497 zercules the Swashbuckler (level 14, -9/141 HPs)
             Began as a Kobold Berserker on Feb 20, 2016.
             Was a High Priest of Trog.
             Mangled by Rupert
             ... wielding a +2 battleaxe of chopping
              (15 damage)
             ... on level 4 of the Lair of Beasts.
             The game lasted 01:13:13 (16823 turns).

zercules the Swashbuckler (Kobold Berserker)       Turns: 16823, Time: 01:13:13

Health: -9/141     AC: 25    Str: 35    XL:     14   Next: 45%
Magic:  14/14      EV: 12    Int:  5    God:    Trog [*****.]
Gold:   739        SH:  0    Dex: 15    Spells: 0 memorised, 13 levels left

rFire  + . .     SeeInvis .     R - +13 rapier "Hellblazer" {venom, -Tele rPois Str+9}
rCold  . . .     Clarity  .     E - +0 plate armour {MR+}
rNeg   . . .     SustAt   .     (shield restricted)
rPois  +         Gourm    .     x - +0 helmet
rElec  .         Spirit   .     D - +1 cloak
rCorr  .         Warding  .     G - +2 pair of gloves
rMut   .         NoTele   +     y - +0 pair of boots
MR     +++..                    u - amulet of regeneration
Stlth  ..........               C - ring of protection from magic
                                v - ring of protection from fire

@: berserking, very quick, extremely resistant to hostile enchantments,
extremely unstealthy
A: carnivore 3
a: Berserk, Trog's Hand, Brothers in Arms, Burn Spellbooks, Renounce Religion


You were on level 4 of the Lair of Beasts.
You worshipped Trog.
Trog was extremely pleased with you.
You were very full.

You visited 2 branches of the dungeon, and saw 19 of its levels.

You collected 906 gold pieces.
You spent 167 gold pieces at shops.

Inventory:

Hand Weapons
 R - the +13 rapier "Hellblazer" (weapon) {venom, -Tele rPois Str+9}
   (Trog gifted it to you on level 14 of the Dungeon)

   It poisons the flesh of those it strikes.
   It affects your strength (+9).
   It protects you from poison.
   It prevents most forms of teleportation.
 Y - a +0 scimitar of flaming
Missiles
 j - 4 steel tomahawks (quivered)
 s - 108 poisoned needles
 Q - 5 curare-tipped needles
Armour
 x - a +0 helmet (worn)
 y - a +0 pair of boots (worn)
 D - a +1 cloak (worn)
 E - a +0 plate armour of magic resistance (worn)
 G - a +2 pair of gloves (worn)
Jewellery
 k - a +5 ring of evasion
 u - an amulet of regeneration (around neck)
 v - a ring of protection from fire (left hand)
 C - a ring of protection from magic (right hand)
 S - an uncursed ring of poison resistance
 T - an uncursed amulet of faith {unknown}
Wands
 f - a wand of digging (6)
 l - a wand of enslavement (12)
 p - a wand of paralysis (7)
 r - a wand of disintegration (6)
 w - a wand of slowing (6)
 F - a wand of confusion (2)
 K - a wand of slowing (17)
 W - a wand of cold (7)
 X - a wand of cold (11)
 Z - a wand of draining (12)
Scrolls
 b - 2 scrolls of blinking
 d - 4 scrolls of enchant weapon
 m - 2 scrolls of fear
 o - 12 scrolls of remove curse
 q - a scroll of vulnerability {unknown}
 t - 4 scrolls of fog
 B - a scroll of enchant armour
 H - a scroll of noise {unknown}
 L - a scroll of identify
 M - 6 scrolls of teleportation
 P - a scroll of random uselessness {unknown}
 U - a scroll of summoning
Potions
 e - 5 potions of brilliance
 h - 6 potions of heal wounds
 i - a potion of cure mutation
 n - 3 potions of resistance
 z - 2 potions of flight
 A - 2 potions of haste
 N - 2 potions of curing
 O - 2 potions of agility
 V - a potion of might
Miscellaneous
 g - a stone of tremors
Comestibles
 c - 7 meat rations
 I - 3 beef jerkies
 J - 9 slices of pizza


   Skills:
 + Level 13.0 Fighting
 - Level 15.8 Short Blades
 + Level 13.9 Armour
 - Level 2.4 Dodging


You had 13 spell levels left.
You didn't know any spells.

Dungeon Overview and Level Annotations

Branches:
Dungeon (15/15)            Temple (0/1) D:7            Lair (4/8) D:9
 Vaults (0/5) D:14
  Swamp: Lair:3-6    Shoals: Lair:3-6     Snake: Lair:3-6    Spider: Lair:3-6
    Orc: D:9-12      Depths: D:15

Altars:
Ashenzari
Dithmenos
Gozag
Kikubaaqudgha
Makhleb
Nemelex Xobeh
Okawaru
Ru
Vehumet
Xom
The Shining One

Shops:
D:4 *   D:10 [   D:12 (

Annotations:
Lair:4 Rupert


Innate Abilities, Weirdness & Mutations

You are small and have problems with some larger weapons.
You are carnivorous and can eat meat at any time.


Message History

Rupert hits you with a battleaxe of chopping!!
* * * LOW HITPOINT WARNING * * *
A red film seems to cover your vision as you go berserk!
You feel yourself moving faster!
You feel mighty!
You feel quite a bit less full.
Rupert hits you with a battleaxe of chopping!!
* * * LOW HITPOINT WARNING * * *
x2 You impale Rupert!!
Rupert is heavily wounded.
You puncture Rupert!
Rupert is heavily wounded.
Rupert misses you.
You puncture Rupert!
Rupert is heavily wounded.
You hit Rupert but do no damage.
Rupert is heavily wounded.
You impale Rupert!!
Rupert is severely wounded.
Rupert hits you with a battleaxe of chopping!
You die...

# #..# ## #..## P# #.#.# .##
#...## ..###### ##P...##
...##.P#### ### ##......#
.#........#####.######......(##
P#.##..#.......#...##..#.P....#
########...P#(..@@....#.##....#
#########††.....###..###
#........# #### #...)...##
#........# ##......## #.#.....#
#####..##


You could see Rupert (berserk).

Vanquished Creatures
  Snorg (Lair:3)
  3 hydras
  A centaur warrior (D:13)
  Urug (Lair:3)
  Sonja (Lair:3)
  An iron troll (D:9)
  6 skeletal warriors
  An unseen horror (D:11)
  A deep troll (D:9)
  6 hill giants
  A griffon (Lair:4)
  A cyclops (D:12)
  3 spiny frogs
  3 elephants (Lair:4)
  Joseph (D:9)
  A centaur zombie (D:13)
  A centaur skeleton (D:13)
  Psyche (D:8)
  A black mamba (Lair:3)
  2 gargoyles (D:12)
  An efreet (D:13)
  2 komodo dragons
  7 trolls
  4 slime creatures
  5 blink frogs (Lair:3)
  A shadow (D:11)
  A hog (D:8)
  A vampire (D:14)
  2 water elementals (D:13)
  3 wyverns
  31 yaks
  2 wraiths
  A deep elf mage (D:14)
  A human (D:8)
  2 basilisks
  3 mottled dragons
  4 wolves (Lair:4)
  6 hippogriffs
  4 hungry ghosts
  7 porcupines
  6 water moccasins
  4 orc warriors
  Purgy (D:3)
  A sky beast (D:13)
  3 ice beasts
  7 ogres
  2 phantoms
  5 centaurs
  6 big kobolds
  8 giant frogs
  6 crocodiles
  A killer bee (D:7)
  3 scorpions
  A water moccasin zombie (D:7)
  A wyvern skeleton (D:13)
  2 electric eels (D:9)
  3 wights (D:11)
  A jelly (D:12)
  7 crimson imps
  8 orc priests
  2 giant frog zombies
  Crazy Yiuf (D:3)
  Ijyb (D:3)
  4 giant frog skeletons
  2 hounds
  Jessica (D:2)
  6 orc wizards
  Natasha (twice) (D:4)
  10 hell rats (Lair:1)
  9 iguanas
  8 worker ants
  A killer bee zombie (D:5)
  3 sheep (D:8)
  3 hound zombies
  A mummy (D:13)
  A hound skeleton (D:6)
  A worker ant zombie (D:10)
  Robin (D:3)
  11 adders
  11 gnolls
  50 river rats
  5 shadow imps
  2 oozes
  A worm (D:3)
  40 orcs
  A ball python (D:2)
  2 giant cockroaches
  16 goblins
  12 hobgoblins
  20 jackals
  38 kobolds
  5 quokkas
  7 bats
  9 giant geckos
  2 giant gecko skeletons
  2 giant gecko zombies
  4 giant newts
  19 rats
515 creatures vanquished.

Vanquished Creatures (collateral kills)
  Josephine (D:13)
  A hill giant (D:14)
  An ugly thing (D:13)
  3 elephants (Lair:4)
  A troll (D:14)
  A tengu conjurer (D:13)
  A two-headed ogre (D:14)
  A vampire (D:14)
  3 wraiths (D:13)
  A sky beast (D:13)
  2 wights (D:11)
  A hound (D:11)
  An iguana (D:11)
  A centaur skeleton (D:11)
  4 river rats (Lair:4)
23 creatures vanquished.

Vanquished Creatures (others)
  A tengu warrior (D:13)
  A centaur (D:13)
  A crimson imp (D:13)
  A kobold (D:9)
  4 fungi (Lair:4)
  2 plants (D:13)
  4 toadstools (D:1)
14 creatures vanquished.

Grand Total: 552 creatures vanquished

Notes
Turn   | Place    | Note
--------------------------------------------------------------
     0 | D:1      | zercules the Kobold Berserker began the quest for the Orb.
     0 | D:1      | Reached XP level 1. HP: 14/14 MP: 1/1
   108 | D:1      | Reached XP level 2. HP: 19/19 MP: 2/2
   875 | D:2      | Reached XP level 3. HP: 23/23 MP: 3/3
   878 | D:2      | Reached skill level 5 in Short Blades
   893 | D:2      | Reached XP level 4. HP: 18/28 MP: 4/4
   930 | D:2      | Found a faded altar to an unknown god.
   963 | D:2      | Reached ** piety under Trog
  1118 | D:2      | Noticed Jessica
  1124 | D:2      | Killed Jessica
  1148 | D:2      | Reached XP level 5. HP: 27/32 MP: 5/5
  1578 | D:2      | Reached skill level 6 in Short Blades
  1789 | D:3      | Noticed Purgy
  1806 | D:3      | Killed Purgy
  1806 | D:3      | Reached XP level 6. HP: 37/37 MP: 6/6
  1858 | D:3      | Reached *** piety under Trog
  1930 | D:3      | Noticed Robin
  1970 | D:3      | Killed Robin
  2133 | D:3      | Reached skill level 7 in Short Blades
  2139 | D:3      | Reached **** piety under Trog
  2211 | D:3      | Noticed Ijyb
  2242 | D:3      | Killed Ijyb
  2362 | D:3      | Reached XP level 7. HP: 41/41 MP: 7/7
  2587 | D:3      | Noticed Crazy Yiuf
  2591 | D:3      | Killed Crazy Yiuf
  2932 | D:4      | Reached skill level 8 in Short Blades
  3228 | D:4      | Found Vabbitas's General Store.
  3232 | D:4      | Bought a scroll of identify for 28 gold pieces
  3238 | D:4      | Found a shadowy altar of Dithmenos.
  3430 | D:4      | Reached XP level 8. HP: 37/47 MP: 8/8
  3439 | D:4      | Noticed Natasha
  3461 | D:4      | Killed Natasha
  3461 | D:4      | Reached skill level 5 in Armour
  3489 | D:5      | Entered Level 5 of the Dungeon
  3800 | D:4      | Noticed Natasha
  3813 | D:4      | Killed Natasha
  4111 | D:5      | Reached skill level 9 in Short Blades
  4653 | D:5      | Found a glowing golden altar of the Shining One.
  4852 | D:6      | Found an opulent altar of Gozag.
  4872 | D:6      | Reached ***** piety under Trog
  4872 | D:6      | Reached skill level 10 in Short Blades
  4992 | D:6      | Reached XP level 9. HP: 51/51 MP: 9/9
  5081 | D:6      | Found an ancient bone altar of Kikubaaqudgha.
  5200 | D:6      | Found a shimmering altar of Xom.
  5238 | D:6      | Found a shadowy altar of Dithmenos.
  5241 | D:6      | Found a sparkling altar of Nemelex Xobeh.
  5358 | D:7      | Found a staircase to the Ecumenical Temple.
  5542 | D:7      | Reached skill level 11 in Short Blades
  5939 | D:7      | Found a burning altar of Makhleb.
  6407 | D:8      | Noticed Psyche
  6431 | D:8      | Killed Psyche
  6431 | D:8      | Reached skill level 12 in Short Blades
  6524 | D:8      | Received a gift from Trog
  6524 | D:8      | Reached XP level 10. HP: 56/56 MP: 10/10
  7077 | D:8      | Found a sacrificial altar of Ru.
  7169 | D:8      | Received a gift from Trog
  7186 | D:8      | Reached skill level 13 in Short Blades
  7359 | D:9      | Found a staircase to the Lair.
  7637 | D:9      | Found a shattered altar of Ashenzari.
  7659 | D:9      | Noticed Joseph
  7722 | D:9      | Killed Joseph
  7923 | D:9      | Reached skill level 5 in Fighting
  8143 | D:9      | Found an iron altar of Okawaru.
  8203 | D:9      | Reached XP level 11. HP: 64/64 MP: 11/11
  8351 | D:9      | Found a radiant altar of Vehumet.
  8352 | D:9      | Found a burning altar of Makhleb.
  8463 | D:9      | Found a runed door.
  8465 | D:9      | Found a runed door.
  8472 | D:9      | Noticed an iron troll
  9012 | D:9      | Killed an iron troll
  9012 | D:9      | Reached skill level 10 in Armour
  9229 | D:9      | Noticed a deep troll
  9257 | D:9      | Killed a deep troll
  9327 | D:10     | Entered Level 10 of the Dungeon
  9351 | D:10     | Found Viyh's Antique Armour Boutique.
  9363 | D:10     | Bought a pair of glowing boots for 139 gold pieces
  9523 | D:10     | Noticed a hill giant
  9533 | D:10     | Killed a hill giant
  9748 | D:11     | Noticed a hill giant
  9766 | D:11     | Killed a hill giant
  9901 | D:11     | Noticed a hill giant
  9911 | D:11     | Killed a hill giant
 10161 | D:11     | Reached XP level 12. HP: 76/76 MP: 12/12
 10626 | D:11     | Killed an unseen horror
 10915 | D:11     | Reached skill level 10 in Fighting
 11170 | D:12     | Noticed a six-headed hydra
 11181 | D:12     | Killed a six-headed hydra
 11193 | D:12     | You fall through a shaft for 3 floors!
 11193 | D:15     | Entered Level 15 of the Dungeon
 11395 | D:14     | Found a gate to the Vaults.
 11571 | D:14     | Received a gift from Trog
 11584 | D:14     | Got a twisted rapier {god gift}
 11585 | D:14     | Identified the +13 rapier "Hellblazer" {venom, -Tele rPois Str+9} (Trog gifted it to you on level 14 of the Dungeon)
 11773 | D:12     | Noticed a skeletal warrior
 11775 | D:12     | Noticed a skeletal warrior
 11776 | D:12     | Noticed a skeletal warrior
 11798 | D:12     | Killed a skeletal warrior
 11810 | D:12     | Killed a skeletal warrior
 11817 | D:12     | Killed a skeletal warrior
 12001 | D:12     | Reached skill level 14 in Short Blades
 12056 | D:12     | Reached XP level 13. HP: 84/84 MP: 13/13
 12290 | D:12     | Found Reonk's Weapon Shoppe.
 12464 | D:13     | Noticed Josephine
 12474 | D:13     | Noticed a centaur warrior
 12484 | D:13     | Noticed a tengu warrior
 12485 | D:13     | Killed Josephine
 12487 | D:13     | Killed a tengu warrior
 12493 | D:13     | Killed a centaur warrior
 12609 | D:13     | Noticed a skeletal warrior
 12611 | D:13     | Noticed a skeletal warrior
 12618 | D:13     | Killed a skeletal warrior
 12618 | D:13     | Reached skill level 15 in Short Blades
 12635 | D:13     | Killed a skeletal warrior
 12875 | D:13     | Noticed a skeletal warrior
 12894 | D:13     | Killed a skeletal warrior
 13240 | Lair:1   | Entered Level 1 of the Lair of Beasts
 13677 | Lair:1   | Received a gift from Trog
 15029 | Lair:3   | Noticed Urug
 15056 | Lair:3   | Killed Urug
 15056 | Lair:3   | Reached XP level 14. HP: 86/91 MP: 14/14
 15152 | Lair:3   | Noticed Snorg
 15172 | Lair:3   | Killed Snorg
 15263 | Lair:3   | Noticed Sonja
 15271 | Lair:3   | Killed Sonja
 16038 | Lair:4   | Received a gift from Trog
 16803 | Lair:4   | Noticed Rupert
 16818 | Lair:4   | HP: 5/141 [Rupert/battleaxe of chopping (5)]
 16823 | Lair:4   | Mangled by Rupert

Action                   |  1- 3 |  4- 6 |  7- 9 | 10-12 | 13-15 || total
-------------------------+-------+-------+-------+-------+-------++-------
Melee: Short sword       |    95 |   367 |   628 |   923 |       ||  2013
       Dagger            |       |       |       |    75 |       ||    75
       Rapier            |       |       |       |    98 |   586 ||   684
       Scimitar          |       |       |       |       |    20 ||    20
Throw: Throwing net      |       |       |       |     2 |       ||     2
       Tomahawk          |       |       |       |     2 |       ||     2
Invok: Berserk           |     3 |     4 |    13 |    26 |     3 ||    49
       Burn Spellbooks   |       |       |     1 |     2 |     2 ||     5
       Brothers in Arms  |       |       |       |     5 |     2 ||     7
Evoke: Wand              |       |       |     3 |    12 |     6 ||    21
  Use: Scroll            |       |       |    10 |     4 |     7 ||    21
       Potion            |       |       |     1 |     3 |       ||     4
 Stab: Confused          |       |       |       |     1 |       ||     1
       Held in net/web   |       |       |       |     1 |       ||     1
  Eat: Chunk             |    10 |    10 |    21 |    57 |    24 ||   122
       Beef jerky        |       |       |     4 |       |       ||     4
       Meat ration       |       |       |     1 |       |       ||     1
